 Dungeon Crawl Stone Soup version 0.30-a0-824-g6c64550be9 (webtiles) character file.

Game seed: 7493364718583543475

6 Pimp the Trooper (level 1, -2/27 HPs)
             Began as a Demonspawn Berserker on Feb 27, 2023.
             Was a Follower of Trog.
             Slain by a gnoll
             ... wielding a +0 spear
              (3 damage)
             ... on level 1 of the Dungeon.
             The game lasted 00:00:17 (101 turns).

Pimp the Trooper (Demonspawn Berserker)              Turns: 101, Time: 00:00:17

Health: -2/27      AC:  2    Str: 17    XL:     1   Next: 75%
Magic:  1/1        EV: 12    Int:  8    God:    Trog [*.....]
Gold:   7          SH:  0    Dex: 12    Spells: 0/0 levels left

rFire   . . .      SeeInvis .    a - +0 hand axe
rCold   . . .      Faith    .    (no shield)
rNeg    . . .      Spirit   .    b - +0 animal skin
rPois   .          Reflect  .    (no helmet)
rElec   .          Harm     .    (no cloak)
rCorr   .          Rampage  .    (no gloves)
Will    .....                    (no boots) Stlth
                                 (no amulet)
HPRegen 0.24/turn                (no ring)
MPRegen 0.07/turn                (no ring)

@: berserking (expiring), very quick
A: no striking features
a: Renounce Religion, Berserk


You were on level 1 of the Dungeon.
You worshipped Trog.
Trog was aware of your devotion.
You visited 1 branch of the dungeon, and saw 1 of its levels.

You collected 7 gold pieces.

Inventory:

Hand Weapons
 a - a +0 hand axe (weapon)
Armour
 b - a +0 animal skin (worn)
Scrolls
 c - a scroll of teleportation {unknown}


   Skills:
 + Level 3.1 Fighting
 + Level 2.8 Axes
 + Level 1.9 Armour
 + Level 1.9 Dodging


You couldn't memorise any spells.
You didn't know any spells.
Your spell library was empty.

Dungeon Overview and Level Annotations

Branches:
Dungeon (1/15)

Altars:


Message History

The plant is lightly damaged.
The ball python barely misses you. The ball python closely misses you.
You hit the ball python.
You kill the ball python!
Trog accepts your kill.
You hit the plant.
You see here a scroll labelled ABEOHU PAIT.
The gnoll barely misses you.
A nearby plant withers and dies. x2; The goblin barely misses you.
The gnoll hits you from afar with a +0 spear!
Ouch! That really hurt!
You closely miss the goblin.
The gnoll hits you from afar with a +0 spear.
* * * LOW HITPOINT WARNING * * *
The goblin barely misses you.
You closely miss the goblin. The goblin barely misses you.
The gnoll hits you but does no damage. The goblin hits you with a +0 dagger.
* * * LOW HITPOINT WARNING * * *
The gnoll closely misses you. The goblin attacks as you move away!
The goblin barely misses you.
You barely miss the goblin. The goblin hits you but does no damage.
The gnoll hits you from afar with a +0 spear.
* * * LOW HITPOINT WARNING * * *
The goblin attacks as you move away! The goblin completely misses you.
A red film seems to cover your vision as you go berserk!
You feel yourself moving faster!
You feel mighty! The goblin hits you but does no damage. The gnoll misses you.
You closely miss the goblin. You slash the goblin!
You kill the goblin!
Trog accepts your kill. The gnoll closely misses you.
The gnoll hits you with a +0 spear.
* * * LOW HITPOINT WARNING * * *
The goblin barely misses you.
You see here a +0 dagger.
You closely miss the gnoll. You closely miss the goblin.
You barely miss the gnoll. You hit the goblin.
The gnoll hits you with a +0 spear.
You die...

...P.P.....
.PP..P.P.#.#
....P.PP.#.#
...P.....#.#
.P...P.P...##
..P...gP..#.#######.
..P.PP.?.##.).......
#.......###†######..
###.........g@...#
##...##..#g###.#
##.# #..#.# #.# #.
#..#.# #.# .. #..#.#
#.# ##.###..#.# #.#
#.....#.###.#####
##...........##.
###............


You could see a gnoll and a goblin.

Vanquished Creatures
  3 ball pythons (D:1)
  An endoplasm (D:1)
  A giant cockroach (D:1)
  A goblin (D:1)
6 creatures vanquished.

Vanquished Creatures (others)
  2 plants (D:1)
2 creatures vanquished.

Grand Total: 8 creatures vanquished

Notes
Turn   | Place    | Note
-------+----------+-------------------------------------------
     0 | D:1      | Pimp the Demonspawn Berserker began the quest for the Orb.
     0 | D:1      | Reached XP level 1. HP: 18/18 MP: 1/1
    99 | D:1      | HP: 1/27 [gnoll/+0 spear (6)]
   101 | D:1      | Slain by a gnoll

Illustrated notes

Levels and vault maps discovered:
D:1:      eino_arrival_tree_alley, layout_loops_ring, nicolae_grassy_gnolls

Action                     || total
---------------------------++-------
  Melee: Hand axe          ||    16
         Punch             ||     1
 Invoke: Berserk           ||     1
 Armour: Animal skin       ||     4
  Dodge: Dodged            ||    17

Table legend: (Time is in decaauts)
 A = Elapsed time spent in this place.
 B = Non-inter-level travel time spent in this place.
 C = Inter-level travel time spent in this place.
 D = Time resting spent in this place.
 E = Time spent auto-exploring this place.
 F = Levels seen in this place.
 G = Mean time per level.
                   A        B        C        D        E       F      G
               +--------+--------+--------+--------+--------+-----+--------+
         Total |    101 |    101 |      0 |      0 |     55 |   1 |  101.0 |
       Dungeon |    101 |    101 |      0 |      0 |     55 |   1 |  101.0 |
               +--------+--------+--------+--------+--------+-----+--------+

Top non-repeatable levels by time:
     D:1: 101 daAuts
